cohdb
Replays
Latest Replays
All Replays
Popular Replays
Top Player Replays
Match Explorer
How It Works
Community
CoH3 Stats
Reddit
Sign in to upload your games and track your stats! →
Sign in with Steam
Match 44689614
Unlisted
Match 44689614
Overview
Messages
Build Orders
End
Construct Infanterie Kompanie
Selects Mechanized Battlegroup
MG 42 Machine Gun Team
Grenadier Squad
Grenadier Squad
GrW 34 Mortar Team
Selects Mobile Repair Stations
Construct Panzergrenadier Kompanie
Panzergrenadier Squad
Panzergrenadier Squad
Selects Raid Package
Pak 40 Anti-tank Gun Team
Grenadier Squad
Selects StuG Assault Group
MG 42 Machine Gun Team
Pak 40 Anti-tank Gun Team
Panzergrenadier Squad
Selects Wespe Self-propelled Artillery
Support Elements
Nebelwerfer 42 Rocket Launcher Team
Grenadier Squad
Construct Luftwaffe Kompanie
Selects Zeroing Artillery Barrage
251 Medium Carrier
kirisunaky
Torus
Team saupiquet
Marwar
Olympia007
Peeka Senpai
Racbear
周杰伦
0
0
Comments
sign in to comment!
No comments posted yet!